 Dungeon Crawl Stone Soup version 0.30.0-20-g3615ddf2f0 (webtiles) character file.

Game seed: 3134573911192921138

819 qw the Chopper (level 7, 0/44 HPs)
             Began as a Gargoyle Fighter on May 31, 2023.
             Was an Initiate of Okawaru.
             Slain by a hound (2 damage)
             ... on level 6 of the Dungeon.
             The game lasted 00:02:05 (4805 turns).

qw the Chopper (Gargoyle Fighter)                   Turns: 4805, Time: 00:02:05

Health: 0/44       AC: 15    Str: 27    XL:     7   Next: 95%
Magic:  7/7        EV:  9    Int:  9    God:    Okawaru [......]
Gold:   54         SH:  4    Dex:  9    Spells: 6/6 levels left

rFire   . . .        g - +0 war axe (spect)
rCold   . . .        c - +0 buckler
rNeg    + . .        q - +0 chain mail
rPois   inf          b - +0 helmet
rElec   +            (no cloak)
rCorr   .            (no gloves)
SInv    +            (no boots)
Will    .....        (no amulet) Stlth
                     p - ring of see invisible
HPRegen 0.27/turn    j - +6 ring of strength
MPRegen 0.10/turn

%: no passive effects
@: about to teleport
A: sickness immunity, AC +4, negative energy resistance 1, electricity
resistance, torment resistance 1, petrification resistance
a: Renounce Religion


You were on level 6 of the Dungeon.
You worshipped Okawaru.
Okawaru was noncommittal.
You visited 2 branches of the dungeon, and saw 7 of its levels.

You collected 345 gold pieces.
You spent 291 gold pieces at shops.


Innate Abilities, Weirdness & Mutations

You are immune to sickness and miasma.
Your stone body is resilient. (AC +4)
You are immune to poison.
You resist negative energy. (rN+)
You are resistant to electric shocks. (rElec)
You are resistant to unholy torment.
You are immune to petrification.


   Skills:
 + Level 4.9 Fighting
 - Level 7.0 Axes
 - Level 3.2 Armour
 - Level 2.0 Dodging
 - Level 3.2 Shields


You had 6 spell levels left.
You didn't know any spells.
Your spell library was empty.

Inventory:

Hand Weapons
 g - a +0 spectral war axe (weapon)
 r - a +0 morningstar
Missiles
 o - 8 boomerangs (quivered)
Armour
 b - a +0 helmet (worn)
 c - a +0 buckler (worn)
 q - a +0 chain mail (worn)
Jewellery
 j - a +6 ring of strength (right hand)
 p - a ring of see invisible (left hand)
Scrolls
 e - a scroll of brand weapon
 l - 2 scrolls of identify
Potions
 a - a potion of attraction
 d - a potion of might
 h - a potion of mutation
 i - a potion of haste
 k - a potion of flight {unknown}
 n - a potion of degeneration {unknown}
 s - a potion of lignification {unknown}
 u - a potion of invisibility {unknown}

Dungeon Overview and Level Annotations

Branches:
Dungeon (6/15)             Temple (1/1) D:4

Altars:
Ashenzari
Cheibriados
Dithmenos
Elyvilon
Fedhas
Gozag
Hepliaklqana
Kikubaaqudgha
Makhleb
Nemelex Xobeh
Okawaru
Qazlal
Ru
Sif Muna
Trog
Uskayaw
Vehumet
Wu Jian
Xom
Zin
The Shining One

Shops:
D:5 (((**


Message History

The orc warrior is severely wounded.
The orc warrior hits you with a +0 scimitar.
You hit the orc warrior.
The orc warrior is almost dead.
The orc warrior hits you but does no damage.
The orc wizard gestures wildly while chanting.
The orc wizard flickers and vanishes for a moment.
You hit the orc warrior.
The orc warrior is almost dead.
The orc warrior hits you but does no damage.
You block the orc warrior's attack.
You barely miss the orc warrior.
The orc warrior is almost dead.
The orc warrior hits you with a +0 scimitar!
4799 ||| READING 2 scrolls of teleportation.
As you read the scroll of teleportation, it crumbles to dust.
You feel strangely unstable.
The orc warrior hits you with a +0 scimitar!
You barely miss the orc warrior.
The orc warrior is almost dead.
You block the orc warrior's attack.
You barely miss the orc warrior.
The orc warrior is almost dead.
The orc warrior hits you with a +0 scimitar.
You closely miss the orc warrior.
The orc warrior is almost dead.
Your surroundings suddenly seem different.
A hound comes into view.
The hound barks!
Enter note:
Enter note: You are too injured to fight recklessly!
4804 ||| READING scroll of teleportation.
As you read the scroll of teleportation, it crumbles to dust.
You feel strangely unstable. You block the hound's attack.
You closely miss the hound.
Your +0 spectral war axe barely misses the hound.
The hound bites you.
You die...

### #.. ###.###
#.....# #..@h.#
.
#....(.........
#.#.......##.
#. #
#.......... ..
#.......... #o
# ...........
#os##.
.#.........#
#ooo.#
..........###
#.###. ##


You could see a hound and a friendly +0 spectral war axe.

Vanquished Creatures
  2 ogres
  A phantom (D:5)
  A scorpion (D:4)
  A howler monkey (D:4)
  An orc priest (D:4)
  A jelly (D:4)
  6 orc wizards
  11 gnolls
  7 adders
  4 worms
  4 dart slugs
  9 orcs
  7 ball pythons
  5 endoplasms
  6 giant cockroaches
  5 goblins
  7 hobgoblins
  4 jackals
  5 bats
  2 frilled lizards
  5 kobolds
  8 rats
102 creatures vanquished.

Notes
Turn   | Place    | Note
-------+----------+-------------------------------------------
     0 | D:1      | qw the Gargoyle Fighter began the quest for the Orb.
     0 | D:1      | Reached XP level 1. HP: 14/14 MP: 1/1
     0 | D:1      | 0 ||| qw: Version: 0.2-a-102-gfc559e5
     0 | D:1      | 0 ||| qw: Game counter: 521
     0 | D:1      | 0 ||| qw: Always use a shield: true
     0 | D:1      | 0 ||| qw: God list: Okawaru
     0 | D:1      | 0 ||| qw: Allow faded altars: false
     0 | D:1      | 0 ||| qw: Do Orc after D:15 true
     0 | D:1      | 0 ||| qw: Do second Lair branch before Depths: true
     0 | D:1      | 0 ||| qw: Lair rune preference: random
     0 | D:1      | 0 ||| qw: Plans: Normal, Zot:1-4, Slime:5, God:TSO, Crypt,
                  | Tomb, Pan, Hells, Abyss, Win
     0 | D:1      | 0 ||| PLANNING D:1-11
    93 | D:1      | Reached skill level 2 in Axes
   210 | D:1      | 210 ||| Stepping ~*~*~tactically~*~*~ (hiding).
   211 | D:1      | 211 ||| Stepping ~*~*~tactically~*~*~ (hiding).
   215 | D:1      | 215 ||| Stepping ~*~*~tactically~*~*~ (hiding).
   216 | D:1      | 216 ||| Stepping ~*~*~tactically~*~*~ (hiding).
   264 | D:1      | Reached XP level 2. HP: 19/19 MP: 2/2
   331 | D:1      | 331 ||| Stepping ~*~*~tactically~*~*~ (hiding).
   700 | D:1      | 700 ||| FLEEEEING.
   744 | D:1      | Reached skill level 3 in Axes
   979 | D:1      | 979 ||| UPGRADING to ring of see invisible.
   980 | D:1      | 980 ||| READING scroll labelled LULLOXZENE.
   981 | D:1      | 981 ||| READING scroll labelled YVEMOTHR KAERUO.
   982 | D:1      | 982 ||| READING scroll labelled JALUNISEFEKE.
   983 | D:1      | 983 ||| READING scroll labelled AJI TONUSUSAO.
   984 | D:1      | 984 ||| READING scroll labelled XUHYNAJIOZU.
   985 | D:1      | 985 ||| READING scroll labelled ZEHYZU COXKAON.
   989 | D:1      | 989 ||| READING scroll labelled PONWENENUL.
   990 | D:1      | 990 ||| READING scroll labelled ZAWYLL MIHEHOUQEY.
  1022 | D:2      | Reached XP level 3. HP: 23/23 MP: 3/3
  1097 | D:2      | 1097 ||| Stepping ~*~*~tactically~*~*~ (hiding).
  1240 | D:2      | 1240 ||| Stepping ~*~*~tactically~*~*~ (stealth).
  1243 | D:2      | 1243 ||| Stepping ~*~*~tactically~*~*~ (stealth).
  1244 | D:2      | 1244 ||| Stepping ~*~*~tactically~*~*~ (stealth).
  1250 | D:2      | Reached XP level 4. HP: 28/28 MP: 4/4
  1254 | D:2      | Reached skill level 4 in Axes
  1274 | D:2      | 1274 ||| Stepping ~*~*~tactically~*~*~ (stealth).
  1281 | D:2      | 1281 ||| Stepping ~*~*~tactically~*~*~ (stealth).
  1348 | D:2      | 1348 ||| DROPPING +0 mace.
  1805 | D:2      | 1805 ||| Stepping ~*~*~tactically~*~*~ (stealth).
  1881 | D:2      | Found a faded altar of an unknown god.
  1888 | D:2      | 1888 ||| UPGRADING to +6 ring of strength.
  1889 | D:2      | 1889 ||| READING scroll labelled USIGINO ZUTAAC.
  1936 | D:3      | Reached XP level 5. HP: 32/32 MP: 5/5
  1938 | D:3      | 1938 ||| Stepping ~*~*~tactically~*~*~ (stealth).
  1939 | D:3      | 1939 ||| Stepping ~*~*~tactically~*~*~ (stealth).
  2619 | D:4      | 2619 ||| Stepping ~*~*~tactically~*~*~ (hiding).
  2625 | D:4      | HP: 6/32 [gnoll/+0 halberd (12)]
  2627 | D:4      | Reached skill level 5 in Axes
  2704 | D:4      | 2704 ||| FLEEEEING.
  2705 | D:4      | 2705 ||| FLEEEEING.
  2706 | D:4      | 2706 ||| FLEEEEING.
  2707 | D:4      | 2707 ||| FLEEEEING.
  2708 | D:4      | 2708 ||| FLEEEEING.
  2713 | D:4      | 2713 ||| Stepping ~*~*~tactically~*~*~ (stealth).
  2752 | D:4      | 2752 ||| Stepping ~*~*~tactically~*~*~ (hiding).
  2763 | D:4      | Reached XP level 6. HP: 37/37 MP: 6/6
  2799 | D:4      | 2799 ||| Stepping ~*~*~tactically~*~*~ (hiding).
  3134 | D:4      | Found a staircase to the Ecumenical Temple.
  3135 | D:4      | 3135 ||| PLANNING TEMPLE
  3135 | D:4      | 3135 ||| UPGRADING to +0 chain mail.
  3145 | D:4      | 3145 ||| DROPPING +0 scale mail.
  3146 | D:4      | 3146 ||| READING scroll labelled AGGIG AS AGH.
  3154 | Temple   | Entered the Ecumenical Temple
  3275 | Temple   | 3275 ||| PLANNING D:1-11
  3397 | D:4      | 3397 ||| UPGRADING to +0 helmet.
  3428 | D:5      | Entered Level 5 of the Dungeon
  3431 | D:5      | 3431 ||| STAIRDANCE
  3464 | D:5      | 3464 ||| STAIRDANCE
  3468 | D:4      | Reached skill level 6 in Axes
  3468 | D:4      | Reached XP level 7. HP: 25/43 MP: 7/7
  3828 | D:5      | Found Rymeffir's Antique Weapon Boutique.
  3838 | D:5      | Found an iron altar of Okawaru.
  3839 | D:5      | 3839 ||| PLANNING OKAWARU WORSHIP
  3839 | D:5      | 3839 ||| READING scroll labelled WUPHAB ZEHA.
  3847 | D:5      | Became a worshipper of Warmaster Okawaru
  3847 | D:5      | 3847 ||| PLANNING D:1-11
  4003 | D:5      | Found Athry's Antique Weapon Boutique.
  4012 | D:5      | 4012 ||| BUYING morningstar (92 gold).
  4012 | D:5      | Bought a morningstar for 92 gold pieces
  4012 | D:5      | 4012 ||| DROPPING +0 flail.
  4055 | D:5      | Found an ornate altar of the Wu Jian Council.
  4055 | D:5      | Found a shimmering altar of Xom.
  4098 | D:5      | Found a radiant altar of Vehumet.
  4100 | D:5      | Found a bloodstained altar of Trog.
  4102 | D:5      | Found a faded altar of an unknown god.
  4220 | D:5      | Found Zeryrimma's Weapon Shoppe.
  4355 | D:5      | Found Kokhlyk's Assorted Antiques.
  4361 | D:5      | 4361 ||| BUYING scroll labelled JOSTRAO RES LUD (24 gold).
  4361 | D:5      | Bought a scroll labelled JOSTRAO RES LUD for 24 gold pieces
  4361 | D:5      | 4361 ||| BUYING scroll of identify (48 gold).
  4361 | D:5      | Bought a scroll of identify for 48 gold pieces
  4361 | D:5      | 4361 ||| BUYING scroll of identify (48 gold).
  4361 | D:5      | Bought a scroll of identify for 48 gold pieces
  4361 | D:5      | 4361 ||| BUYING silvery potion (21 gold).
  4361 | D:5      | Bought a silvery potion for 21 gold pieces
  4464 | D:5      | Found Waimezev's Assorted Antiques.
  4475 | D:5      | 4475 ||| SHOPLISTING 2 scrolls of teleportation (174 gold,
                  | have 59).
  4475 | D:5      | 4475 ||| BUYING scroll of identify (58 gold).
  4475 | D:5      | Bought a scroll of identify for 58 gold pieces
  4544 | D:5      | Found an ancient bone altar of Kikubaaqudgha.
  4582 | D:5      | Found a shimmering blue altar of Sif Muna.
  4652 | D:5      | 4652 ||| READING 2 scrolls labelled WOIKLU ROCHOTT.
  4653 | D:5      | 4653 ||| READING scroll labelled JOSTRAO RES LUD.
  4654 | D:5      | 4654 ||| DRINKING 2 fuming cyan potions.
  4655 | D:5      | 4655 ||| READING 4 scrolls of identify.
  4655 | D:5      | 4655 ||| IDENTIFYING smoky coppery potion
  4656 | D:5      | 4656 ||| READING 3 scrolls of identify.
  4656 | D:5      | 4656 ||| IDENTIFYING sedimented silvery potion
  4657 | D:5      | 4657 ||| READING 2 scrolls of identify.
  4657 | D:5      | 4657 ||| IDENTIFYING sapphire potion
  4658 | D:5      | 4658 ||| DROPPING scroll of fog.
  4692 | D:6      | 4692 ||| DRINKING potion of curing.
  4692 | D:6      | 4692 ||| (to cure confusion)
  4693 | D:6      | 4693 ||| Stepping ~*~*~tactically~*~*~ (hiding).
  4694 | D:6      | 4694 ||| Stepping ~*~*~tactically~*~*~ (hiding).
  4701 | D:6      | Reached skill level 7 in Axes
  4798 | D:6      | HP: 10/44 [orc warrior/+0 scimitar (11)]
  4799 | D:6      | 4799 ||| READING 2 scrolls of teleportation.
  4799 | D:6      | HP: 3/44 [orc warrior/+0 scimitar (8)]
  4801 | D:6      | HP: 1/44 [orc warrior/+0 scimitar (2)]
  4804 | D:6      | 4804 ||| READING scroll of teleportation.
  4805 | D:6      | Slain by a hound

Levels and vault maps discovered:
D:1:      spicycebolla_arrival_xxxplode, layout_basic
D:2:      layout_basic, chequers_ecumenical_altar_grove
D:3:      layout_basic
D:4:      minmay_angry_zag, layout_basic, temple_green, dk_noncrumbling_3
D:5:      layout_cave_pods, nicolae_overflow_crystal_walls,
          mainiacjoe_overflow_two_lobes, chequers_temple_overflow_minitemple,
          serial_shops, nicolae_shop_back_alley_shop, nicolae_shop_tiny_glass,
          nicolae_shop_overgrown_old_shop, shop,
          nicolae_shop_just_a_little_nook, nicolae_fountain_basement
D:6:      minmay_flawed_box, layout_loops_ring
Temple:   eino_narrow_crystal_temple

Skill      XL: |  1  2  3  4  5  6  7 |
---------------+----------------------+-----
Axes           | 2 3 4 5 6 7 |  7.0
Dodging        | 2 |  2.0
Fighting       | 4 |  4.9
Armour         | |  3.2
Shields        | |  3.2

Action                     |  1- 3 |  4- 6 |  7- 9 || total
---------------------------+-------+-------+-------++-------
  Melee: War axe           |    96 |   107 |    52 ||   255
  Throw: Boomerang         |       |    17 |     7 ||    24
    Use: Scroll            |     8 |     2 |     8 ||    18
         Potion            |       |       |     2 ||     2
   Stab: Distracted        |     1 |     1 |       ||     2
 Armour: Scale mail        |    54 |    24 |       ||    78
         Chain mail        |       |     5 |    16 ||    21
  Dodge: Dodged            |    33 |    34 |    11 ||    78
  Block: Buckler           |    20 |    17 |     7 ||    44

Table legend:
 A = Non-vault XP
 B = Vault XP
 C = Vault XP percentage of total XP
 D = Non-vault monster count
 E = Vault monster count
 F = Vault count percentage of total count
                 A         B        C        D         E       F
            +---------+---------+-------+---------+---------+-------
      Total |     750 |     421 |  36.0 |      88 |      14 |  13.7
            +---------+---------+-------+---------+---------+-------
        D:1 |      30 |       0 |   0.0 |      17 |       0 |   0.0
        D:2 |     130 |       0 |   0.0 |      26 |       0 |   0.0
        D:3 |      35 |       0 |   0.0 |      14 |       0 |   0.0
        D:4 |     217 |     278 |  56.2 |      20 |      10 |  33.3
        D:5 |     264 |       0 |   0.0 |       5 |       0 |   0.0
        D:6 |      74 |     143 |  65.9 |       6 |       4 |  40.0
            +---------+---------+-------+---------+---------+-------
